 Dungeon Crawl Stone Soup version 0.30-a0-946-gec5dcfc036 (webtiles) character file.

Game seed: 15252870754388324660

2 sanka the Sneak (level 1, 9/9 HPs)
             Began as a Vine Stalker Enchanter on Mar 26, 2023.
             Was a Plaything of Xom.
             Quit the game on level 1 of the Dungeon.
             The game lasted 00:00:45 (215 turns).

sanka the Sneak (Vine Stalker Enchanter)             Turns: 215, Time: 00:00:45

Health: 9/9        AC:  2    Str: 10    XL:     1   Next: 30%
Magic:  4/4        EV: 12    Int: 15    God:    Xom [..*...]
Gold:   23         SH:  0    Dex: 14    Spells: 4/4 levels left

rFire   . . .      SeeInvis .    a - +1 dagger
rCold   . . .      Faith    .    (no shield)
rNeg    . . .      Spirit   +    b - +0 robe
rPois   .          Reflect  .    (no helmet)
rElec   .          Rampage  .    (no cloak)
rCorr   .                        (no gloves)
Will    .....                    (no boots)
Stlth   ++                       (no amulet)
HPRegen 0.21/turn                (no ring)
MPRegen 0.09/turn                (no ring)

@: no status effects
A: fangs 2, magic shield, antimagic bite, no potion heal 2
a: Renounce Religion


You were on level 1 of the Dungeon.
You worshipped Xom.
You were a toy of Xom.
You visited 1 branch of the dungeon, and saw 1 of its levels.

You collected 23 gold pieces.


Innate Abilities, Weirdness & Mutations

You have extremely sharp teeth.
When hurt, damage is shared between your health and your magic reserves.
Your bite disrupts and absorbs the magic of your enemies.
Potions cannot restore your health.


   Skills:
 + Level 1.1 Short Blades
 - Level 1.5 Dodging
 - Level 3.6 Stealth
 - Level 2.1 Spellcasting
 - Level 3.0 Hexes


You had 4 spell levels left.
You didn't know any spells.
Your spell library contained the following spells:

 Spells                   Type           Power      Damage    Failure   Level
 Ensorcelled Hibernation  Hex/Ice        12%        N/A       19%         2
 Confusing Touch          Hex            10%        N/A       19%         3
 Tukima's Dance           Hex            10%        N/A       19%         3
 Dazzling Flash           Conj/Hex       12%        N/A       34%         3

Inventory:

Hand Weapons
 a - a +1 dagger (weapon)
Armour
 b - a +0 robe (worn)
Magical Staves
 d - a staff of cold
Scrolls
 e - a scroll of identify {unknown}
 f - a scroll of immolation {unknown}
 g - a scroll of teleportation {unknown}
 h - a scroll of amnesia {unknown}
Potions
 c - 2 potions of invisibility
 i - a potion of degeneration {unknown}
 j - a potion of curing {unknown}
 k - a potion of lignification {unknown}

Dungeon Overview and Level Annotations

Branches:
Dungeon (1/15)

Altars:
Xom

▒▒▒▒.........▒(▒▒ ▒.▒.▒▒▒▒
▒...............▒ ▒.......
▒.▒▒.).......▒..▒ ▒.▒..▒.▒
▒▒▒.......▒.▒..▒..▒ ▒.▒.....
...........†......▒▒▒.▒.▒▒.▒
▒▒▒▒▒▒.....▒▒▒▒▒..............
...........▒8.8▒...........▒.▒
.▒▒▒▒..8▒▒▒^..▒▒▒8.▒▒▒▒▒▒....
▒...+...fg..'..▒ ▒...▒
▒..8▒▒▒...▒▒▒8.▒ ▒....
▒.....▒8.8▒....▒ ▒▒..▒
▒.....▒▒▒▒▒...▒▒▒.▒ ▒..▒
▒▒▒▒▒.............▒ ...
▒▒▒.▒.....▒.▒.▒ ▒.▒.....▒.▒
▒.▒.....▒ ▒ ▒.▒.....▒


You could see a gnoll.


Message History

No target in view!
No target in view!
No target in view!
The bat closely misses you.
A bat is nearby!
A bat is nearby!
A bat is nearby!
You hit the bat. You bite the bat, but do no damage.
The bat is severely wounded.
The bat hits you but does no damage.
You hit the bat.
You kill the bat!
No target in view!
No target in view!
You now have 23 gold pieces (gained 15).
k - an amethyst potion As you open the door, it creaks loudly!
You hear a shout!
Found a faded altar of an unknown god.
A gnoll comes into view. It is wielding a +0 whip.
A gnoll is nearby!
You see here a bat corpse.
There is an open door here.
There is a faded altar of an unknown god here.
This altar belongs to (a) Jiyva, (b) Xom or (c) Gozag, but you can't tell which.
Press the corresponding letter to learn more about a god, or press enter to convert or escape to cancel.
Xom accepts your prayer! Xom welcomes you!
Xom is very intrigued!
Are you sure you want to abandon this character and quit the game? (Confirm with "yes".)

Action                     || total
---------------------------++-------
  Melee: Dagger            ||     6
         Bite              ||     1
   Stab: Sleeping          ||     1
 Armour: Robe              ||     5
  Dodge: Dodged            ||     4

Levels and vault maps discovered:
D:1:      saegor_arrival_simple_d, layout_basic,
          dreamdust_ecumenical_altar_angels_and_demons

Notes
Turn   | Place    | Note
-------+----------+-------------------------------------------
     0 | D:1      | sanka the Vine Stalker Enchanter began the quest for the
                  | Orb.
     0 | D:1      | Reached XP level 1. HP: 9/9 MP: 4/4
    45 | D:1      | Reached skill level 1 in Short Blades
   174 | D:1      | Found a faded altar of an unknown god.
   214 | D:1      | Prayed at the altar of an unknown god.
   214 | D:1      | Became a worshipper of Xom of Chaos
   215 | D:1      | Quit the game

Vanquished Creatures
  A ball python (D:1)
  2 bats (D:1)
3 creatures vanquished.
